 Dungeon Crawl Stone Soup version 0.26.1-11-gd32895ea62 (webtiles) character file.

Game seed: 13025280371573254363

86 MajorAdolf the Sneak (level 4, -9/42 HPs)
             Began as a Naga Wanderer on July 21, 2021.
             Mangled by a gnoll
             ... wielding a cursed -3 halberd
              (12 damage)
             ... on level 3 of the Dungeon.
             The game lasted 00:03:14 (1705 turns).

MajorAdolf the Sneak (Naga Wanderer)                Turns: 1705, Time: 00:03:14

Health: -9/42      AC:  4    Str: 13    XL:     4   Next: 50%
Magic:  4/4        EV:  5    Int: 15    God:
Gold:   91         SH: 11    Dex: 10    Spells: 3/3 levels left

rFire    . . .     SeeInvis +   a - +2 spear
rCold    . . .     Faith    .   f - +0 tower shield
rNeg     . . .     Spirit   .   d - +0 robe
rPois    +         Reflect  .   n - +2 hat
rElec    .         Harm     .   (no cloak)
rCorr    .         Rampage  .   (no gloves)
Will     .....                  (no barding)
Stlth    +++.......             m - amulet of inaccuracy (curse)
HPRegen  0.14/turn              (no ring)
MPRegen  0.09/turn              (no ring)

@: about to teleport, very slow
A: large, see invisible, deformed body, poison resistance, slowness 2, spit
poison 1, AC +1
a: Spit Poison


You were on level 3 of the Dungeon.
You visited 1 branch of the dungeon, and saw 3 of its levels.

You collected 91 gold pieces.

Inventory:

Hand Weapons
 a - a +2 spear (weapon)
 e - a +0 dagger
Armour
 d - a +0 robe (worn)
 f - a +0 tower shield (worn)
 n - a +2 hat (worn)
Jewellery
 m - a cursed amulet of inaccuracy (around neck)
Scrolls
 b - 2 scrolls of teleportation
 g - a scroll of amnesia
 j - a scroll of identify
Potions
 h - a potion of heal wounds {unknown}
 i - a potion of cancellation
 k - a potion of mutation
 l - a potion of ambrosia


   Skills:
 - Level 3.0 Fighting
 + Level 4.2 Polearms
 - Level 5.8 Stealth
 + Level 2.1 Shields


You had 3 spell levels left.
You didn't know any spells.
Your spell library was empty.

Dungeon Overview and Level Annotations

Branches:
Dungeon (3/15)

Altars:
Cheibriados

Annotations:
D:2 Robin


Innate Abilities, Weirdness & Mutations

You cannot wear boots.
Your serpentine skin is tough. (AC +1)
You have supernaturally acute eyesight. (SInv)
Armour fits poorly on your strangely shaped body.
Your system is resistant to poisons. (rPois)
You cover ground very slowly.
You can spit poison.


Message History

The splash of poison misses the gnoll.
You block the gnoll's attack.
Unknown command.
Okay, then.
Reach: a) +2 spear
Press: ? - help, Dir - move target, f/p - gnoll
Aim: a gnoll, wielding a +0 halberd (severely wounded)
You reach to attack!
You hit the gnoll.
You kill the gnoll!
The leopard gecko hisses menacingly.
Unknown command.
You have got your breath back.
The leopard gecko bites you.
* * * LOW HITPOINT WARNING * * *
Okay, then.
Okay, then.
As you read the scroll of teleportation, it crumbles to dust.
You feel strangely unstable.
The leopard gecko bites you but does no damage.
The gnoll hits you from afar with a cursed -3 halberd!
You die...

##### ....# ....#
<รท..#
....################
....)).....)..gl@..#
##################.#
#


You could see a gnoll and a leopard gecko.

Vanquished Creatures
  3 gnolls (D:3)
  An ooze (D:2)
  A worm (D:2)
  2 dart slugs (D:1)
  4 leopard geckos
  An orc (D:3)
  4 goblins (D:1)
  4 hobgoblins
  3 ball pythons (D:1)
  6 bats
  3 frilled lizards
  7 kobolds (D:1)
  4 rats (D:1)
43 creatures vanquished.

Notes
Turn   | Place    | Note
-------+----------+-------------------------------------------
     0 | D:1      | MajorAdolf the Naga Wanderer began the quest for the Orb.
     0 | D:1      | MajorAdolf set off with the following items: a +2 spear, a
                  | scroll of teleportation, a potion of lignification, a +0
                  | robe, a +0 dagger
     0 | D:1      | Reached XP level 1. HP: 21/21 MP: 1/1
   146 | D:1      | Reached XP level 2. HP: 26/28 MP: 2/2
   205 | D:1      | Reached skill level 1 in Shields
   320 | D:1      | Reached XP level 3. HP: 34/34 MP: 3/3
  1342 | D:2      | Found a snail-covered altar of Cheibriados.
  1391 | D:2      | Noticed Robin
  1678 | D:3      | Reached XP level 4. HP: 42/42 MP: 4/4
  1705 | D:3      | Mangled by a gnoll

Illustrated notes

Levels and vault maps discovered:
D:1:      amcnicky_arrival_gap_in_the_tavern_cellar, layout_loops_cross
D:2:      layout_basic, old_standard_altar, cheibriados_altar_1, uniq_robin
D:3:      layout_basic

Skill      XL: |  1  2  3 |
---------------+----------+-----
Shields        | 1 2 |  2.1
Polearms       | 4 |  4.2
Fighting       | |  3.0
Stealth        | |  5.8

Action                   |  1- 3 |  4- 6 || total
-------------------------+-------+-------++-------
Melee: Spear             |   120 |    14 ||   134
 Abil: Spit Poison       |     5 |     3 ||     8
  Use: Scroll            |     7 |     1 ||     8
       Potion            |     1 |       ||     1
 Stab: Sleeping          |    15 |       ||    15
       Distracted        |     1 |       ||     1
Armor: Robe              |    19 |     1 ||    20
       Skin              |     3 |     6 ||     9
Dodge: Dodged            |    11 |     1 ||    12
Block: Tower shield      |    31 |     6 ||    37
